[ AOE2 MATCH · #513693069 ]
UnrankedSaracens vs Turks
Player's team · LOSS
Rival team · WIN
[ REPLAY ANALYSIS · EXTRACTED FROM THE RECORDED GAME ]
Feudal
9:15
Castle
23:19
Imperial
46:26
| APM avg | 72.5 |
| APM peak | 140 |
| eAPM avg | 31.6 |
| Villagers / military | 163 / 136 |
Focus
⚔️ 43.0% · 🌾 57.0%
Scout Cavalry ×33 · Mameluke ×25 · Skirmisher ×24 · Camel Scout ×19 · Archer ×14 · Scorpion ×5
Feudal
8:50
Castle
30:16
Imperial
47:09
| APM avg | 99.9 |
| APM peak | 175 |
| eAPM avg | 47.6 |
| Villagers / military | 135 / 185 |
Focus
⚔️ 63.1% · 🌾 36.9%
Cavalry Archer ×92 · Scout Cavalry ×52 · Archer ×21 · Skirmisher ×12 · Spearman ×3 · Camel Scout ×2
Match map
Initial resources + every placement click. Lines = walls · curves = elevation contours. ◆ gold · ⬟ stone · ● berries · ✦ relic · ◌ wall gap
Your base· Open — unwalled flank
F1Re's base· Open — 5t gap
Smoothed initial terrain · ◌ = detected wall gap · hover for details
Inputs per minute
— Oni.Kingstone - - F1Re
Build order — Oni.Kingstone
First 150 of 482 actions detected
| 0:00 | Queue | Villager (Male) |
| 0:01 | Queue | Villager (Male) |
| 0:01 | Queue | Villager (Male) |
| 0:02 | Build | House |
| 0:02 | Build | House |
| 0:12 | Queue | Villager (Male) |
| 0:12 | Queue | Villager (Male) |
| 1:25 | Queue | Villager (Male) |
| 1:55 | Build | Lumber Camp |
| 1:59 | Queue | Villager (Male) |
| 1:59 | Queue | Villager (Male) |
| 1:59 | Queue | Villager (Male) |
| 2:14 | Queue | Villager (Male) |
| 2:14 | Queue | Villager (Male) |
| 2:48 | Queue | Villager (Male) |
| 2:48 | Queue | Villager (Male) |
| 3:04 | Queue | Villager (Male) |
| 3:04 | Queue | Villager (Male) |
| 3:31 | Queue | Villager (Male) |
| 3:31 | Queue | Villager (Male) |
| 3:52 | Build | House |
| 3:57 | Queue | Villager (Male) |
| 4:27 | Queue | Villager (Male) |
| 4:43 | Queue | Villager (Male) |
| 4:43 | Queue | Villager (Male) |
| 4:55 | Build | Barracks |
| 5:16 | Build | House |
| 5:21 | Queue | Villager (Male) |
| 5:22 | Queue | Villager (Male) |
| 5:43 | Queue | Villager (Male) |
| 6:01 | Queue | Villager (Male) |
| 6:04 | Build | House |
| 6:05 | Queue | Villager (Male) |
| 6:13 | Research | Loom |
| 7:04 | Research | Feudal Age |
| 7:04 | Research | Feudal Age |
| 7:12 | Build | Mining Camp |
| 7:19 | Queue | Militia |
| 7:19 | Queue | Militia |
| 7:48 | Queue | Militia |
| 8:16 | Build | Mill |
| 8:26 | Queue | Militia |
| 8:51 | Queue | Villager (Male) |
| 9:10 | Queue | Villager (Male) |
| 9:15 | Age | Feudal Age |
| 9:17 | Queue | Villager (Male) |
| 9:19 | Build | Archery Range |
| 9:47 | Research | Double-Bit Axe |
| 9:50 | Queue | Villager (Male) |
| 10:01 | Queue | Archer |
| 10:04 | Queue | Villager (Male) |
| 10:05 | Build | Market |
| 10:12 | Build | House |
| 10:18 | Queue | Archer |
| 10:29 | Queue | Villager (Male) |
| 10:37 | Build | Farm |
| 10:53 | Queue | Archer |
| 11:07 | Build | House |
| 11:12 | Queue | Villager (Male) |
| 11:15 | Build | Blacksmith |
| 11:22 | Queue | Villager (Male) |
| 11:25 | Build | House |
| 11:36 | Queue | Villager (Male) |
| 11:42 | Build | Farm |
| 11:42 | Build | Farm |
| 11:43 | Build | Farm |
| 11:49 | Queue | Archer |
| 12:09 | Research | Town Watch |
| 12:09 | Research | Town Watch |
| 12:09 | Research | Town Watch |
| 12:15 | Queue | Archer |
| 12:20 | Build | Farm |
| 12:23 | Build | Farm |
| 12:24 | Build | Farm |
| 12:31 | Research | Fletching |
| 12:33 | Build | Farm |
| 12:40 | Build | Farm |
| 12:47 | Queue | Villager (Male) |
| 12:48 | Queue | Villager (Male) |
| 12:48 | Queue | Villager (Male) |
| 12:56 | Build | Farm |
| 13:03 | Build | Farm |
| 13:19 | Queue | Skirmisher |
| 13:20 | Queue | Villager (Male) |
| 13:20 | Queue | Villager (Male) |
| 13:20 | Queue | Villager (Male) |
| 13:33 | Build | Farm |
| 13:35 | Queue | Villager (Male) |
| 13:43 | Queue | Villager (Male) |
| 13:57 | Build | Stable |
| 14:08 | Queue | Archer |
| 14:17 | Queue | Villager (Male) |
| 14:25 | Build | House |
| 14:31 | Queue | Villager (Male) |
| 14:35 | Queue | Archer |
| 14:49 | Queue | Scout Cavalry |
| 14:50 | Queue | Scout Cavalry |
| 14:50 | Queue | Scout Cavalry |
| 14:52 | Build | House |
| 15:14 | Build | Farm |
| 15:16 | Queue | Scout Cavalry |
| 15:19 | Build | Farm |
| 15:24 | Queue | Villager (Male) |
| 15:38 | Build | Farm |
| 15:39 | Queue | Villager (Male) |
| 15:45 | Build | House |
| 15:53 | Build | Farm |
| 16:03 | Research | Forging |
| 16:13 | Queue | Villager (Male) |
| 16:15 | Build | Farm |
| 16:24 | Queue | Scout Cavalry |
| 16:29 | Queue | Archer |
| 16:34 | Build | Farm |
| 16:41 | Build | Farm |
| 16:42 | Queue | Villager (Male) |
| 16:57 | Queue | Villager (Male) |
| 17:02 | Queue | Scout Cavalry |
| 17:14 | Queue | Villager (Male) |
| 17:20 | Build | Farm |
| 17:21 | Build | Farm |
| 17:22 | Queue | Scout Cavalry |
| 17:28 | Queue | Villager (Male) |
| 17:43 | Queue | Villager (Male) |
| 17:45 | Queue | Scout Cavalry |
| 17:55 | Queue | Villager (Male) |
| 18:16 | Research | Scale Barding Armor |
| 18:18 | Build | Lumber Camp |
| 18:32 | Research | Bloodlines |
| 18:36 | Queue | Villager (Male) |
| 18:58 | Queue | Villager (Male) |
| 19:45 | Queue | Scout Cavalry |
| 19:46 | Queue | Archer |
| 20:01 | Queue | Archer |
| 20:39 | Research | Castle Age |
| 20:39 | Research | Castle Age |
| 20:52 | Queue | Archer |
| 20:56 | Research | Horse Collar |
| 20:57 | Build | Farm |
| 20:57 | Build | Farm |
| 21:13 | Build | Stable |
| 21:16 | Queue | Scout Cavalry |
| 21:17 | Queue | Archer |
| 21:18 | Queue | Villager (Male) |
| 21:20 | Build | House |
| 21:33 | Queue | Archer |
| 21:35 | Queue | Scout Cavalry |
| 22:03 | Queue | Archer |
| 22:04 | Queue | Scout Cavalry |
| 22:16 | Queue | Scout Cavalry |
| 22:18 | Build | Farm |
Build order — F1Re
First 150 of 538 actions detected
| 0:00 | Queue | Villager (Male) |
| 0:01 | Build | House |
| 0:02 | Build | House |
| 0:03 | Queue | Villager (Male) |
| 0:06 | Queue | Villager (Male) |
| 0:06 | Queue | Villager (Male) |
| 1:27 | Queue | Villager (Male) |
| 2:02 | Queue | Villager (Male) |
| 2:02 | Queue | Villager (Male) |
| 2:24 | Queue | Villager (Male) |
| 2:39 | Queue | Villager (Male) |
| 2:51 | Queue | Villager (Male) |
| 3:19 | Queue | Villager (Male) |
| 3:19 | Queue | Villager (Male) |
| 3:43 | Build | Lumber Camp |
| 3:58 | Build | House |
| 4:00 | Queue | Villager (Male) |
| 4:00 | Queue | Villager (Male) |
| 4:15 | Queue | Villager (Male) |
| 4:41 | Queue | Villager (Male) |
| 5:10 | Queue | Villager (Male) |
| 5:36 | Build | Mill |
| 5:42 | Queue | Villager (Male) |
| 5:54 | Research | Loom |
| 5:54 | Research | Loom |
| 6:36 | Research | Feudal Age |
| 6:37 | Research | Feudal Age |
| 7:23 | Build | Barracks |
| 8:24 | Build | House |
| 8:29 | Queue | Villager (Male) |
| 8:50 | Age | Feudal Age |
| 8:52 | Build | Archery Range |
| 8:53 | Queue | Spearman |
| 8:55 | Queue | Villager (Male) |
| 9:16 | Build | House |
| 9:23 | Build | House |
| 9:26 | Build | House |
| 9:38 | Queue | Archer |
| 9:39 | Queue | Villager (Male) |
| 9:42 | Build | Palisade Wall |
| 9:47 | Queue | Villager (Male) |
| 9:47 | Queue | Villager (Male) |
| 10:02 | Queue | Archer |
| 10:04 | Queue | Villager (Male) |
| 10:10 | Build | House |
| 10:12 | Build | House |
| 10:18 | Queue | Villager (Male) |
| 10:27 | Research | Double-Bit Axe |
| 10:27 | Research | Double-Bit Axe |
| 10:54 | Queue | Villager (Male) |
| 10:54 | Queue | Villager (Male) |
| 10:57 | Queue | Villager (Male) |
| 10:58 | Build | Farm |
| 11:12 | Queue | Skirmisher |
| 11:16 | Build | Palisade Wall |
| 11:25 | Queue | Villager (Male) |
| 11:26 | Build | Farm |
| 11:28 | Queue | Villager (Male) |
| 11:33 | Build | Farm |
| 11:47 | Build | Watch Tower |
| 11:53 | Queue | Skirmisher |
| 11:59 | Build | Farm |
| 11:59 | Queue | Villager (Male) |
| 12:10 | Build | Farm |
| 12:17 | Queue | Skirmisher |
| 12:20 | Queue | Villager (Male) |
| 12:36 | Queue | Villager (Male) |
| 12:55 | Build | Blacksmith |
| 13:00 | Queue | Skirmisher |
| 13:17 | Queue | Villager (Male) |
| 13:20 | Queue | Skirmisher |
| 13:22 | Build | House |
| 13:34 | Queue | Villager (Male) |
| 13:34 | Queue | Skirmisher |
| 13:41 | Build | Farm |
| 13:45 | Research | Fletching |
| 13:45 | Research | Fletching |
| 13:45 | Research | Fletching |
| 13:48 | Build | Farm |
| 13:49 | Queue | Villager (Male) |
| 13:52 | Queue | Skirmisher |
| 14:11 | Queue | Villager (Male) |
| 14:15 | Build | Farm |
| 14:15 | Build | Farm |
| 14:26 | Build | Farm |
| 14:39 | Queue | Villager (Male) |
| 14:42 | Queue | Villager (Male) |
| 14:48 | Queue | Villager (Male) |
| 14:48 | Queue | Skirmisher |
| 15:09 | Queue | Villager (Male) |
| 15:12 | Build | Stable |
| 15:30 | Queue | Skirmisher |
| 15:38 | Build | House |
| 15:55 | Queue | Scout Cavalry |
| 15:55 | Queue | Scout Cavalry |
| 15:55 | Queue | Villager (Male) |
| 15:56 | Queue | Villager (Male) |
| 15:57 | Build | Farm |
| 16:11 | Build | Mining Camp |
| 16:12 | Queue | Villager (Male) |
| 16:12 | Queue | Villager (Male) |
| 16:16 | Queue | Scout Cavalry |
| 16:17 | Queue | Skirmisher |
| 16:17 | Queue | Skirmisher |
| 16:26 | Research | Town Watch |
| 16:26 | Research | Town Watch |
| 16:31 | Research | Padded Archer Armor |
| 16:31 | Research | Padded Archer Armor |
| 16:31 | Research | Padded Archer Armor |
| 16:35 | Queue | Scout Cavalry |
| 16:36 | Queue | Skirmisher |
| 16:39 | Build | Farm |
| 16:46 | Research | Horse Collar |
| 16:46 | Research | Horse Collar |
| 16:47 | Build | Outpost |
| 16:57 | Queue | Scout Cavalry |
| 16:58 | Queue | Villager (Male) |
| 16:58 | Queue | Villager (Male) |
| 17:16 | Build | Farm |
| 17:21 | Build | Farm |
| 17:21 | Queue | Villager (Male) |
| 17:27 | Queue | Scout Cavalry |
| 17:41 | Queue | Villager (Male) |
| 17:48 | Queue | Villager (Male) |
| 17:57 | Queue | Archer |
| 18:01 | Build | House |
| 18:03 | Build | House |
| 18:19 | Build | Farm |
| 18:21 | Build | Archery Range |
| 18:25 | Research | Bloodlines |
| 18:25 | Research | Bloodlines |
| 18:35 | Queue | Villager (Male) |
| 18:38 | Queue | Archer |
| 18:41 | Build | House |
| 18:54 | Queue | Archer |
| 18:56 | Queue | Spearman |
| 18:58 | Build | House |
| 19:01 | Build | Palisade Wall |
| 19:05 | Build | Palisade Wall |
| 19:23 | Queue | Villager (Male) |
| 19:23 | Queue | Villager (Male) |
| 19:40 | Queue | Villager (Male) |
| 19:41 | Queue | Scout Cavalry |
| 19:48 | Queue | Villager (Male) |
| 19:50 | Queue | Villager (Male) |
| 19:50 | Queue | Villager (Male) |
| 19:52 | Build | Farm |
| 20:05 | Build | Stable |
| 20:05 | Queue | Scout Cavalry |
| 20:05 | Queue | Scout Cavalry |
Match timeline
| 4:55 | Oni.Kingstone · first_building Barracks |
| 7:23 | F1Re · first_building Barracks |
| 8:50 | F1Re · age_up feudal |
| 8:52 | F1Re · first_building Archery Range |
| 9:15 | Oni.Kingstone · age_up feudal |
| 9:19 | Oni.Kingstone · first_building Archery Range |
| 9:42 | F1Re · wall_segment Palisade Wall x1 |
| 11:10 | Oni.Kingstone · first_market_sell 100 stone |
| 11:11 | Oni.Kingstone · first_market_buy 100 food |
| 11:16 | F1Re · wall_segment Palisade Wall x1 |
| 13:57 | Oni.Kingstone · first_building Stable |
| 15:12 | F1Re · first_building Stable |
| 19:01 | F1Re · wall_segment Palisade Wall x1 |
| 19:05 | F1Re · wall_segment Palisade Wall x1 |
| 22:11 | F1Re · wall_segment Palisade Wall x1 |
| 22:58 | Oni.Kingstone · wall_segment Palisade Wall x1 |
| 22:58 | Oni.Kingstone · wall_segment Palisade Wall x1 |
| 23:13 | Oni.Kingstone · wall_segment Palisade Wall x1 |
| 23:14 | Oni.Kingstone · wall_segment Palisade Wall x1 |
| 23:19 | Oni.Kingstone · age_up castle |
| 24:13 | F1Re · wall_segment Palisade Wall x1 |
| 24:31 | Oni.Kingstone · first_building Siege Workshop |
| 24:41 | Oni.Kingstone · wall_segment Palisade Wall x1 |
| 24:45 | Oni.Kingstone · wall_segment Palisade Wall x1 |
| 25:14 | F1Re · wall_segment Palisade Wall x1 |
| 25:23 | F1Re · wall_segment Palisade Wall x1 |
| 26:28 | F1Re · first_market_buy 100 food |
| 26:33 | F1Re · first_market_sell 100 wood |
| 26:53 | Oni.Kingstone · first_building Monastery |
| 30:16 | F1Re · age_up castle |
| 33:52 | Oni.Kingstone · first_building Castle |
| 41:37 | F1Re · first_building Castle |
| 46:26 | Oni.Kingstone · age_up imperial |
| 46:32 | F1Re · first_building Siege Workshop |
| 47:09 | F1Re · age_up imperial |
| 47:16 | Oni.Kingstone · resign |
[ AI ANALYSIS · 1 CREDIT ]
What really happened in this match?
Wolo.gg analyzes every decision: build order, eco, micro, common mistakes by bracket. Personalized analysis on WhatsApp or Discord in 30 seconds.
Civ guide
Saracens
Perfil
Jugador #2776293